 Dungeon Crawl Stone Soup version 0.23.2-1-ga50397a (webtiles) character file.

Game seed: 14535198355428456247

11701 Moju the Cleaver (level 11, -13/86 (87) HPs)
             Began as a Demonspawn Gladiator on May 5, 2019.
             Was an Initiate of Ru.
             Hit by a javelin thrown by a minotaur (18 damage)
             ... in a Gauntlet.
             The game lasted 00:43:43 (9059 turns).

Moju the Cleaver (Demonspawn Gladiator)             Turns: 9059, Time: 00:43:43

HP:   -13/86 (87)   AC: 13    Str: 21    XL:     11   Next: 52%
MP:   9/9           EV: 17    Int: 10    God:    Ru [......]
Gold: 548           SH:  0    Dex: 19    Spells: 10/10 levels left

rFire    + . .     SeeInvis .   o - +10 morningstar of Chagrin {crush, *Contam Str+5}
rCold    + . .     Gourm    .   (no shield)
rNeg     . . .     Faith    .   O - +3 leather armour {rPois}
rPois    +         Spirit   .   c - +0 helmet
rElec    .         Reflect  .   l - +0 cloak
rCorr    .         Harm     .   y - +0 pair of gloves {Dex+3}
MR       .....     NoTele   +   (no boots)
Stlth    +++.......             C - amulet of rage
HPRegen  0.24/turn              (no ring)
MPRegen  0.11/turn              v - ring of protection from cold

@: berserk cooldown, slowed, very slow
A: talons 2, yellow scales 2, fire resistance 1, low mp 1, flame cloud immunity,
disrupted magic 1
a: Renounce Religion, Evoke Berserk Rage


You were in a Gauntlet.
You worshipped Ru.
Ru was noncommittal.
You were not hungry.

You visited 2 branches of the dungeon, and saw 11 of its levels.
You also visited: Gauntlet.

You collected 548 gold pieces.

Inventory:

Hand Weapons
 a - a +0 war axe
 o - the +10 morningstar of Chagrin (weapon) {crush, *Contam Str+5}
   (You found it in a Gauntlet)

   It inflicts extra damage upon your enemies.
   It affects your strength (+5).
   It causes magical contamination when unequipped.
 K - a +5 vampiric halberd
 P - a +2 flail of crushing
 Q - a +0 battleaxe
 R - a +4 trident
Missiles
 d - a throwing net (quivered)
 h - 51 poisoned needles
 m - 5 javelins of penetration
 L - 2 javelins
Armour
 c - a +0 helmet (worn)
 l - a +0 cloak (worn)
 y - a +0 pair of gloves of dexterity (worn)
 F - a +0 shield
 O - a +3 leather armour of poison resistance (worn)
Jewellery
 b - an uncursed ring of fire
 i - an uncursed ring of magical power
 v - a ring of protection from cold (right hand)
 C - an amulet of rage (around neck)
 I - an uncursed amulet of the acrobat
Wands
 J - a wand of paralysis (10)
 M - a wand of polymorph (15)
 N - a wand of enslavement (11)
 S - a wand of acid (8)
Scrolls
 j - 5 scrolls of enchant armour
 n - a scroll of fear
 q - 2 scrolls of immolation
 r - 12 scrolls of remove curse
 A - 2 scrolls of teleportation
 B - 2 scrolls of amnesia {unknown}
 D - a scroll of random uselessness {unknown}
 E - 2 scrolls of fog
 U - a scroll of holy word {unknown}
Potions
 e - 4 potions of brilliance
 k - 4 potions of curing
 p - a potion of degeneration {unknown}
 s - a potion of heal wounds {unknown}
 w - a potion of agility
 x - a potion of flight {unknown}
 z - a potion of mutation
 G - a potion of might
 H - a potion of ambrosia {unknown}
Miscellaneous
 T - a box of beasts
Comestibles
 f - 21 rations


   Skills:
 - Level 8.6 Fighting
 - Level 11.0 Axes
 * Level 1.8(7.2) Maces & Flails
 - Level 5.0 Throwing
 - Level 5.0 Armour
 * Level 6.8 Dodging
 - Level 5.0 Stealth


You had 10 spell levels left.
You didn't know any spells.
Your spell library was empty.

Dungeon Overview and Level Annotations

Branches:
Dungeon (10/15)            Temple (0/1) D:6            Lair (1/6) D:9
    Orc: D:9-12

Altars:
Ashenzari
Cheibriados
Dithmenos
Elyvilon
Gozag
Kikubaaqudgha
Ru
Trog
Wu Jian

Shops:
D:5 (*

Annotations:
Gauntlet 6 transporters


Innate Abilities, Weirdness & Mutations

You have razor-sharp toenails.
You are mostly covered in yellow scales. (AC +3)
Your flesh is heat resistant. (rF+)
Your magical capacity is low. (-10% MP)
You are immune to clouds of flame.
Your casting is slightly disrupted.


Message History

* * * LOW HITPOINT WARNING * * *
The minotaur closely misses you.
You closely miss the minotaur. You claw the minotaur.
The minotaur is heavily wounded.
You hit the minotaur but do no damage.
The minotaur is heavily wounded.
The minotaur misses you.
The minotaur gores you but does no damage.
You sock the minotaur! Your kick misses the minotaur.
The minotaur is severely wounded.
You are no longer berserk.
You are exhausted.
You feel yourself slow down. The minotaur barely misses you.
The minotaur completely misses you.
As you read the scroll of fear, it crumbles to dust.
You assume a fearsome visage.
The minotaur looks frightened!
As you read the scroll of fear, it crumbles to dust.
You assume a fearsome visage.
Nothing appears to happen.
The minotaur throws a javelin.
The javelin hits you!
You die...

######### #.......#
#.#####.# #.#.H.#.#
#.#.# #.# #.#@# #.#
#.#(# #.# #.#.###.#
#.#.....# #.#######
#.....# #####.#
#########.#########
#≈...............≈#


You could see a minotaur.

Vanquished Creatures
  Harold (D:7)
  3 two-headed ogres (D:8)
  A necromancer (Gauntlet)
  A wolf spider (Gauntlet)
  An ugly thing (D:7)
  A komodo dragon (Lair:1)
  A hornet (D:9)
  A hippogriff (Lair:1)
  6 blink frogs
  Eustachio (D:6)
  A human (D:8)
  6 yaks (Lair:1)
  3 hogs (D:8)
  Menkaure (D:7)
  Edmund (D:4)
  2 swamp worms (Gauntlet)
  A porcupine (Lair:1)
  Duvessa (D:7)
  2 water moccasins
  4 orc warriors
  A necrophage (D:9)
  2 ice beasts
  3 phantoms
  7 ogres
  2 centaurs
  4 wolves (Gauntlet)
  Blork the orc (D:6)
  3 bullfrogs
  Dowan (D:7)
  2 scorpions
  3 howler monkeys (D:7)
  An electric eel (D:7)
  3 crimson imps
  2 centaur zombies
  3 jellies
  8 hounds
  4 orc priests
  A quasit (D:2)
  2 bullfrog skeletons
  An iguana (D:8)
  2 orc wizards
  5 worker ants
  2 hound zombies
  A hound skeleton (D:6)
  A worker ant zombie (D:7)
  4 adders
  A shadow imp (D:5)
  An ooze (D:1)
  An adder skeleton (D:4)
  An adder zombie (D:5)
  3 worms
  3 dart slugs
  11 leopard geckos
  25 orcs
  A ball python (D:1)
  8 bats
  8 giant cockroaches
  8 goblins
  3 hobgoblins
  6 jackals
  4 quokkas
  5 frilled lizards
  2 jackal zombies
  7 kobolds
  2 leopard gecko skeletons
  6 rats
  2 withered plants (Gauntlet)
216 creatures vanquished.

Vanquished Creatures (others)
  A hog (D:8)
  A bush (Lair:1)
  5 withered plants (Gauntlet)
7 creatures vanquished.

Grand Total: 223 creatures vanquished

Notes
Turn   | Place    | Note
-------+----------+-------------------------------------------
     0 | D:1      | Moju the Demonspawn Gladiator began the quest for the Orb.
     0 | D:1      | Reached XP level 1. HP: 16/16 MP: 1/1
    76 | D:1      | Gained mutation: You are partially covered in yellow
                  | scales. (AC +2) [demonic ancestry]
    76 | D:1      | Reached XP level 2. HP: 4/23 MP: 2/2
   456 | D:1      | Reached skill level 3 in Axes
   634 | D:1      | Gained mutation: You are mostly covered in yellow scales.
                  | (AC +3) [demonic ancestry]
   634 | D:1      | Reached XP level 3. HP: 21/28 MP: 3/3
   728 | D:1      | Found a shattered altar of Ashenzari.
  1177 | D:2      | Reached skill level 4 in Axes
  1261 | D:2      | Gained mutation: You have sharp toenails. [demonic
                  | ancestry]
  1261 | D:2      | Reached XP level 4. HP: 34/34 MP: 4/4
  1842 | D:3      | Reached skill level 5 in Axes
  1842 | D:3      | Reached XP level 5. HP: 36/39 MP: 5/5
  2199 | D:4      | Reached skill level 6 in Axes
  2199 | D:4      | Gained mutation: You have razor-sharp toenails. [demonic
                  | ancestry]
  2199 | D:4      | Reached XP level 6. HP: 30/46 MP: 6/6
  2218 | D:4      | Found a bloodstained altar of Trog.
  2668 | D:4      | Noticed Edmund
  2687 | D:4      | Killed Edmund
  2760 | D:4      | Reached skill level 7 in Axes
  2933 | D:5      | Entered Level 5 of the Dungeon
  3025 | D:5      | Reached XP level 7. HP: 51/51 MP: 7/7
  3127 | D:5      | Found an opulent altar of Gozag.
  3127 | D:5      | Found Gozag's Platinum Reserve.
  3194 | D:5      | Found Saulukoe's Weapon Shoppe.
  3295 | D:5      | Reached skill level 8 in Axes
  3345 | D:5      | Found a faded altar of an unknown god.
  3345 | D:5      | Found a sacrificial altar of Ru.
  3351 | D:5      | Found a white marble altar of Elyvilon.
  3353 | D:5      | Became a worshipper of Ru the Awakened
  3359 | D:5      | Found an ancient bone altar of Kikubaaqudgha.
  3360 | D:5      | Found a faded altar of an unknown god.
  3786 | D:6      | Found a shadowy altar of Dithmenos.
  3836 | D:6      | Found a staircase to the Ecumenical Temple.
  3852 | D:6      | Noticed Eustachio
  3863 | D:6      | Killed Eustachio
  3863 | D:6      | Reached skill level 9 in Axes
  3863 | D:6      | Gained mutation: Your flesh is heat resistant. (rF+)
                  | [demonic ancestry]
  3863 | D:6      | Reached XP level 8. HP: 51/57 MP: 8/8
  3913 | D:6      | Noticed Blork the orc
  3920 | D:6      | Killed Blork the orc
  4198 | D:7      | Noticed a cyan ugly thing
  4296 | D:7      | Noticed Menkaure
  4453 | D:7      | Killed Menkaure
  4509 | D:8      | Noticed a two-headed ogre
  4529 | D:8      | Killed a two-headed ogre
  4529 | D:8      | Reached skill level 5 in Fighting
  4529 | D:8      | Gained mutation: You are immune to clouds of flame.
                  | [demonic ancestry]
  4529 | D:8      | Reached XP level 9. HP: 66/68 MP: 9/9
  4610 | D:8      | Found a snail-covered altar of Cheibriados.
  4620 | D:8      | Gained mutation: Your magical capacity is low. (-10% MP)
                  | [Ru sacrifice]
  4707 | D:8      | Noticed a two-headed ogre
  4722 | D:8      | Killed a two-headed ogre
  4722 | D:8      | Reached skill level 5 in Throwing
  4884 | D:8      | Reached skill level 1 in Armour
  4884 | D:8      | Reached skill level 1 in Stealth
  5084 | D:8      | Noticed a two-headed ogre
  5091 | D:8      | Killed a two-headed ogre
  5091 | D:8      | Reached XP level 10. HP: 23/82 MP: 9/9
  5221 | D:7      | Killed a cyan ugly thing
  5496 | D:7      | Noticed Duvessa
  5497 | D:7      | Noticed Dowan
  5507 | D:7      | Killed Duvessa
  5532 | D:7      | Killed Dowan
  5860 | D:7      | Found an ornate altar of the Wu Jian Council.
  5910 | D:7      | Noticed Harold
  5923 | D:7      | Killed Harold
  6556 | D:8      | Reached skill level 5 in Dodging
  6924 | D:9      | Found a staircase to the Lair.
  6935 | D:9      | Reached skill level 5 in Stealth
  7078 | D:9      | HP: 4/82 [orc priest/divine providence (8)]
  7531 | D:9      | Reached skill level 5 in Armour
  7698 | D:9      | Gained mutation: Your casting is slightly disrupted. [Ru
                  | sacrifice]
  7732 | D:10     | Entered Level 10 of the Dungeon
  7749 | D:10     | Reached XP level 11. HP: 84/86 MP: 9/9
  7798 | Lair:1   | Entered Level 1 of the Lair of Beasts
  7942 | Lair:1   | Reached skill level 10 in Axes
  8287 | Lair:1   | Found a gate leading to a gauntlet.
  8311 | Gauntlet | Entered a Gauntlet
  8311 | Gauntlet | Found a transporter.
  8311 | Gauntlet | Found a transporter.
  8327 | Gauntlet | Found a transporter.
  8331 | Gauntlet | Found a transporter.
  8341 | Gauntlet | Found a transporter.
  8345 | Gauntlet | Found a transporter.
  8356 | Gauntlet | Noticed a large abomination
  8358 | Gauntlet | Found a transporter.
  8382 | Gauntlet | Found a transporter.
  8385 | Gauntlet | Noticed a wolf spider
  8385 | Gauntlet | Noticed an entropy weaver
  8400 | Gauntlet | Found a transporter.
  8404 | Gauntlet | Found a transporter.
  8414 | Gauntlet | Found a transporter.
  8418 | Gauntlet | Found a transporter.
  8419 | Gauntlet | Noticed a necromancer
  8524 | Gauntlet | Killed a necromancer
  8524 | Gauntlet | Reached skill level 11 in Axes
  8560 | Gauntlet | Got a faintly glowing morningstar
  8561 | Gauntlet | Identified the +10 morningstar of Chagrin {crush, *Contam
                  | Str+5} (You found it in a Gauntlet)
  8606 | Gauntlet | Reached skill level 1 in Maces & Flails
  8741 | Gauntlet | Killed a wolf spider
  9045 | Gauntlet | Identified the amulet of Plog {Harm *Drain Int+3}
  9045 | Gauntlet | Noticed a minotaur
  9053 | Gauntlet | HP: 5/129 [minotaur/+0 long sword of protection (35)]
  9059 | Gauntlet | Hit by a javelin thrown by a minotaur

Skill      XL: |  1  2  3  4  5  6  7  8  9 10 11 |
---------------+----------------------------------+-----
Axes           | 3 4 5 6 7 9 11 | 11.0
Throwing       | 4 5 |  5.0
Fighting       | 5 8 |  8.6
Armour         | 2 5 |  5.0
Stealth        | 2 5 |  5.0
Dodging        | 3 5 6 |  6.8
Maces & Flails | 1 |  1.8

Action                   |  1- 3 |  4- 6 |  7- 9 | 10-12 || total
-------------------------+-------+-------+-------+-------++-------
Melee: War axe           |   127 |   158 |   192 |   334 ||   811
       Kick              |       |    34 |    61 |   109 ||   204
       Morningstar       |       |       |       |    21 ||    21
Throw: Javelin           |       |     1 |    10 |     9 ||    20
       Throwing net      |       |       |     1 |     5 ||     6
Invok: Sacrifice Essence |       |       |     1 |     1 ||     2
 Abil: Evoke Berserk Rag |       |       |     1 |    12 ||    13
Evoke: Wand              |       |       |     2 |     6 ||     8
  Use: Scroll            |     1 |       |     1 |    16 ||    18
 Stab: Paralysed         |       |       |     5 |     2 ||     7
       Sleeping          |       |       |       |     5 ||     5
       Distracted        |       |       |       |     3 ||     3
  Eat: Chunk             |     1 |     6 |     4 |    19 ||    30
       Ration            |       |       |     1 |     2 ||     3
Armor: Leather armour    |    67 |    74 |    48 |   104 ||   293
Dodge: Dodged            |    87 |   134 |   126 |   223 ||   570
